[Event "Titled Tuesday Blitz November 14 Early 2023"]
[White "Garrido, Denis"]
[Black "TomLiu777"]
[WhiteFideId "601217"]
[WhiteElo "2362"]
[BlackElo "2538"]
[Result "0-1"]
[Round "7"]
[TimeControl "180+1"]
[Date "2023.11.14"]
[WhiteClock "0:00:46"]
[BlackClock "0:00:43"]
[Board "111"]

1. e4 e6 2. d4 d5 3. e5 c5 4. c3 Bd7 5. Nf3 Nc6 6. Be2 Nge7 7. O-O Ng6 8. g3 Be7 9. h4 cxd4 10. cxd4 O-O 11. Nc3 f6 12. h5 Nh8 13. exf6 Bxf6 14. Be3 Nf7 15. Re1 Rc8 16. Rc1 Nd6 17. Bd3 Be8 18. Nh2 Nc4 19. Bxc4 dxc4 20. d5 Bxc3 21. bxc3 Qxd5 22. Qxd5 exd5 23. h6 Bg6 24. Re2 b5 25. hxg7 Kxg7 26. Ng4 Bh5 27. Bh6+ Kf7 28. Ne5+ Kg8 29. Nxc6 Rxc6 30. Bxf8 Bxe2 31. Bh6 b4 32. Be3 a5 33. Bd4 b3 34. axb3 cxb3 35. Re1 Bd3 0-1


[Site "https://www.chess.com"]

[Event "Titled Tuesday Blitz November 14 Early 2023"]
[White "brm72"]
[Black "Lacasa Diaz, Jose Antonio"]
[BlackFideId "2203375"]
[WhiteElo "2535"]
[BlackElo "2355"]
[Result "0-1"]
[Round "7"]
[TimeControl "180+1"]
[Date "2023.11.14"]
[WhiteClock "0:01:50"]
[BlackClock "0:02:31"]
[Board "112"]

1. e4 c5 2. Nf3 d6 3. d4 cxd4 4. Nxd4 Nf6 5. Nc3 e6 6. Be2 Be7 7. O-O O-O 8. f4 Qb6 9. Kh1 Nc6 10. Be3 Qxb2 11. Na4 Qb4 12. c3 Qa5 13. Bf3 Bd7 14. Nb2 Qxc3 15. Rf2 Qxe3 0-1


[Site "https://www.chess.com"]

[Event "Titled Tuesday Blitz November 14 Early 2023"]
[White "Baches Garcia, Guillermo"]
[Black "Zaksaite, Salomeja"]
[WhiteFideId "2209764"]
[BlackFideId "12801496"]
[WhiteElo "2535"]
[BlackElo "2349"]
[Result "1-0"]
[Round "7"]
[TimeControl "180+1"]
[Date "2023.11.14"]
[WhiteClock "0:00:14"]
[BlackClock "0:00:00"]
[Board "113"]

1. d4 Nf6 2. Nf3 g6 3. Bg5 Bg7 4. Nbd2 d5 5. e3 c6 6. Be2 Nbd7 7. O-O Nf8 8. h3 Ne6 9. Bh4 Bd7 10. c4 O-O 11. b4 a5 12. a3 axb4 13. axb4 dxc4 14. Nxc4 Nd5 15. Qb3 Rxa1 16. Rxa1 Nec7 17. Nfe5 Na6 18. b5 cxb5 19. Na5 Be6 20. Nxb7 Qb8 21. Rxa6 Qxb7 22. Qxb5 Qxb5 23. Bxb5 Nc7 24. Rb6 Bxe5 25. dxe5 Nxb5 26. Rxb5 Re8 27. Rb7 Kf8 28. Bg5 Bd5 29. Bh6+ Kg8 30. Rd7 e6 31. g4 Ra8 32. Kh2 Rb8 33. Kg3 Ra8 34. f3 Rb8 35. e4 Bc6 36. Rc7 Be8 37. Kf4 Ra8 38. h4 Rb8 39. h5 Ra8 40. Kg5 Rb8 41. Re7 Ra8 42. Rc7 Rb8 43. Ra7 Rc8 44. Kf6 Rb8 45. f4 Rc8 46. Rb7 Ra8 47. Rc7 Rb8 48. f5 gxf5 49. exf5 exf5 50. gxf5 Rd8 51. e6 fxe6 52. fxe6 Bxh5 53. Rg7+ Kh8 54. Rd7 Re8 55. e7 Kg8 56. Rd5 Bg6 57. Rd8 Kh8 58. Ke6 Kg8 59. Kf6 Kh8 60. Ke6 Kg8 61. Bg5 Bf7+ 62. Kd7 Be6+ 63. Kxe6 Kg7 64. Rxe8 1-0


[Site "https://www.chess.com"]

[Event "Titled Tuesday Blitz November 14 Early 2023"]
[White "Bobomurodova, Maftuna"]
[Black "RodokininEV"]
[WhiteFideId "14207400"]
[WhiteElo "2339"]
[BlackElo "2531"]
[Result "0-1"]
[Round "7"]
[TimeControl "180+1"]
[Date "2023.11.14"]
[WhiteClock "0:01:50"]
[BlackClock "0:02:46"]
[Board "114"]

1. e4 c5 2. Nf3 Nc6 3. d4 cxd4 4. Nxd4 Nf6 5. Nc3 e5 6. Ndb5 d6 7. Bg5 a6 8. Na3 b5 9. Nd5 Be7 10. Bxf6 Bxf6 11. c4 Nd4 12. cxb5 Bb7 13. Bc4 axb5 14. Nxb5 Bxd5 15. exd5 Qa5+ 16. Nc3 Rc8 17. Bb3 Rxc3 18. bxc3 Qxc3+ 19. Kf1 O-O 20. g3 Bg5 21. Kg2 f5 22. Qd3 Qxd3 0-1


[Site "https://www.chess.com"]

[Event "Titled Tuesday Blitz November 14 Early 2023"]
[White "Kraus, Tomas"]
[Black "vishwa_vijeta"]
[WhiteFideId "331708"]
[WhiteElo "2340"]
[BlackElo "2531"]
[Result "0-1"]
[Round "7"]
[TimeControl "180+1"]
[Date "2023.11.14"]
[WhiteClock "0:00:00"]
[BlackClock "0:01:54"]
[Board "115"]

1. e4 c5 2. Nc3 Nc6 3. f4 g6 4. Nf3 Bg7 5. g3 d6 6. Bg2 e5 7. d3 exf4 8. gxf4 Nge7 9. O-O O-O 10. h3 f5 11. Be3 fxe4 12. dxe4 h6 13. Qd2 Be6 14. Rad1 Qd7 15. Kh2 Rad8 16. a3 a6 17. Nh4 g5 18. fxg5 Be5+ 19. Kg1 Bxh3 20. g6 Qg4 21. Nf5 Nxf5 22. exf5 Nd4 23. Nd5 Ne2+ 24. Qxe2 Qxe2 25. Rd2 Qg4 26. Bxh6 Bxg2 27. Ne7+ Kh8 28. Rxg2 Bd4+ 29. Be3 Bxe3+ 30. Kh1 Qe4 31. g7+ Kh7 32. gxf8=Q Rxf8 33. f6 Bf4 34. Ng6 Rxf6 35. Nxf4 Rxf4 0-1


[Site "https://www.chess.com"]

[Event "Titled Tuesday Blitz November 14 Early 2023"]
[White "Bettalli, Francesco"]
[Black "Osmonbekov, Talaibek"]
[WhiteFideId "2816453"]
[BlackFideId "2017253"]
[WhiteElo "2530"]
[BlackElo "2329"]
[Result "1-0"]
[Round "7"]
[TimeControl "180+1"]
[Date "2023.11.14"]
[WhiteClock "0:01:17"]
[BlackClock "0:00:00"]
[Board "116"]

1. d4 e6 2. Nc3 Bb4 3. Qd3 f5 4. g3 Nf6 5. Bg2 O-O 6. Bd2 d5 7. Nh3 c5 8. dxc5 Bxc5 9. O-O Nc6 10. a3 a5 11. Qb5 Qb6 12. Rad1 Ne4 13. Qxb6 Bxb6 14. Nxe4 fxe4 15. Nf4 g5 16. Nh5 Kf7 17. g4 Kg6 18. Be3 Bc7 19. c4 Ne5 20. cxd5 Nxg4 21. Ng3 Nxe3 22. fxe3 Rxf1+ 23. Kxf1 exd5 24. Rxd5 Be6 25. Bxe4+ Kg7 26. Rxg5+ Kf6 27. Rh5 Rf8 28. Rxh7 Be5 29. Kg2 b5 30. Rh6+ Ke7 31. Rh5 Kd6 32. b4 axb4 33. axb4 Bd7 34. Bd3 Rg8 35. Kf3 Rf8+ 36. Bf5 Bc6+ 37. e4 Bc3 38. Rh6+ Kc7 39. Nh5 Bxb4 40. Nf4 Bd6 41. Ne6+ 1-0


[Site "https://www.chess.com"]

[Event "Titled Tuesday Blitz November 14 Early 2023"]
[White "Ruge, Edison"]
[Black "Lopez Martinez, Josep Manuel"]
[WhiteFideId "4401000"]
[BlackFideId "2212943"]
[WhiteElo "2332"]
[BlackElo "2530"]
[Result "0-1"]
[Round "7"]
[TimeControl "180+1"]
[Date "2023.11.14"]
[WhiteClock "0:00:00"]
[BlackClock "0:00:08"]
[Board "117"]

1. e4 c5 2. Nc3 e6 3. f4 d5 4. Bb5+ Bd7 5. Bxd7+ Qxd7 6. d3 Nc6 7. Nf3 dxe4 8. Nxe4 Be7 9. O-O Nf6 10. Kh1 Rd8 11. Nc3 O-O 12. Be3 b6 13. Ne5 Qc8 14. Qf3 Nd5 15. Nxd5 Rxd5 16. Nxc6 Qxc6 17. Rae1 Qd7 18. Qe4 Bf6 19. b3 Rd8 20. Re2 g6 21. h3 Bd4 22. Bc1 Bg7 23. Be3 b5 24. Ref2 a6 25. g4 f5 26. Qg2 Bd4 27. Bxd4 Rxd4 28. Re1 Qd6 29. gxf5 exf5 30. Qf3 Kf7 31. Re5 Rd5 32. Rfe2 Rd7 33. Kg2 Rxe5 34. Rxe5 Re7 35. Rd5 Qc7 36. Kg3 Rd7 37. c4 Rd6 38. Qe3 Rxd5 39. cxd5 Qd6 40. Qe5 Qxe5 41. fxe5 g5 42. Kf3 h5 43. Kg3 h4+ 44. Kf3 Ke7 45. a3 a5 46. Ke3 Kd7 47. Kf3 Ke7 48. Ke3 g4 49. hxg4 fxg4 50. Kf2 Kf7 51. Kg2 Kg6 52. Kh2 Kf5 53. d6 Ke6 54. Kg2 Kd7 55. Kh2 Ke6 56. Kg2 a4 57. bxa4 c4 58. dxc4 bxc4 59. a5 c3 60. a6 c2 61. a7 c1=Q 62. a8=Q Qd2+ 63. Kf1 Qd1+ 64. Kg2 Qe2+ 65. Kg1 Qe1+ 66. Kh2 Qf2+ 67. Qg2 Qf4+ 68. Kh1 Kxe5 0-1


[Site "https://www.chess.com"]

[Event "Titled Tuesday Blitz November 14 Early 2023"]
[White "Rasmussen, Casper"]
[Black "LeoLV10"]
[WhiteFideId "1402005"]
[WhiteElo "2297"]
[BlackElo "2529"]
[Result "0-1"]
[Round "7"]
[TimeControl "180+1"]
[Date "2023.11.14"]
[WhiteClock "0:00:33"]
[BlackClock "0:00:27"]
[Board "118"]

1. c4 c5 2. g3 g6 3. Bg2 Bg7 4. Nc3 Nc6 5. d3 e6 6. Nf3 Nge7 7. Bg5 O-O 8. Qd2 a6 9. Bh6 d5 10. cxd5 exd5 11. h4 Re8 12. Bxg7 Kxg7 13. h5 Ng8 14. hxg6 hxg6 15. Nxd5 Qxd5 16. Rh7+ Kxh7 17. Ng5+ Qxg5 18. Qxg5 Nd4 19. O-O-O Nxe2+ 20. Kb1 Bf5 21. g4 Bd7 22. Be4 Kg7 23. Qxc5 Bxg4 24. f3 Be6 25. Qe3 Ng3 26. Qd4+ Nf6 27. Qb6 Rad8 28. Qxb7 Ngxe4 29. fxe4 Nxe4 30. Qxa6 Ra8 31. Qxa8 Rxa8 32. dxe4 Bxa2+ 33. Kc1 Rc8+ 34. Kd2 Bb3 35. Re1 Rc2+ 36. Ke3 Rxb2 37. Kf4 Be6 38. Rc1 Rf2+ 39. Ke5 Ra2 40. Rc7 Ra5+ 41. Kf4 Kf6 42. Rb7 g5+ 43. Ke3 Ke5 44. Rb2 Ra3+ 45. Kf2 Kxe4 46. Rb4+ Kf5 47. Rb8 Kf4 48. Rh8 f5 49. Kg1 g4 50. Rb8 Bd5 51. Rb4+ Be4 52. Rb2 Ra1+ 53. Kf2 g3+ 54. Ke2 Bf3+ 55. Kd3 g2 56. Rb4+ Be4+ 57. Kd4 Rd1+ 58. Kc5 g1=Q+ 59. Kb5 Rb1 0-1


[Site "https://www.chess.com"]

[Event "Titled Tuesday Blitz November 14 Early 2023"]
[White "Molenda, Marcin"]
[Black "Rodriguez Santiago, Jaime"]
[WhiteFideId "1173065"]
[BlackFideId "3100898"]
[WhiteElo "2527"]
[BlackElo "2280"]
[Result "1-0"]
[Round "7"]
[TimeControl "180+1"]
[Date "2023.11.14"]
[WhiteClock "0:00:08"]
[BlackClock "0:00:05"]
[Board "119"]

1. Nf3 Nf6 2. c4 e6 3. g3 d5 4. Bg2 c5 5. O-O Nc6 6. cxd5 exd5 7. d4 Be7 8. dxc5 Bxc5 9. Bg5 Be6 10. Nc3 O-O 11. Rc1 Be7 12. Nd4 Nxd4 13. Qxd4 h6 14. Bf4 Rc8 15. Nb5 a6 16. Nc7 Qd7 17. Nxe6 fxe6 18. Bh3 b5 19. Qe5 Kf7 20. Rfd1 Rxc1 21. Rxc1 Rc8 22. Rc7 Rxc7 23. Qxc7 Qxc7 24. Bxc7 Ne4 25. f3 Bc5+ 26. Kf1 Nd2+ 27. Ke1 Nc4 28. b3 Ne3 29. Kd2 d4 30. Be5 Nd5 31. f4 Nc3 32. a3 Nb1+ 33. Kd3 Nxa3 34. Bxd4 Be7 35. f5 exf5 36. Bxf5 a5 37. Bd7 Bd8 38. Bb2 b4 39. Bd4 Nb1 40. e4 g5 41. g4 Ke7 42. Bb5 Bc7 43. e5 Ke6 44. Bc4+ Ke7 45. Bb2 Na3 46. Bd5 Bb8 47. Ke4 Nb5 48. Bc4 Nc3+ 49. Kf5 Ba7 50. Bc1 Na2 51. Bd2 a4 52. bxa4 Bb6 53. Bxa2 Ba5 54. Bb3 Bb6 55. Bxb4+ Bc5 56. Bxc5+ Ke8 57. Bc4 Kd8 58. Bb5 Kc7 59. e6 Kb7 60. e7 1-0


[Site "https://www.chess.com"]

[Event "Titled Tuesday Blitz November 14 Early 2023"]
[White "Ghosh, Chanchal Kumer"]
[Black "Kovacsy, Barnabas"]
[WhiteFideId "10201858"]
[BlackFideId "769290"]
[WhiteElo "2139"]
[BlackElo "2526"]
[Result "1/2-1/2"]
[Round "7"]
[TimeControl "180+1"]
[Date "2023.11.14"]
[WhiteClock "0:00:03"]
[BlackClock "0:00:07"]
[Board "120"]

1. e4 c5 2. Nf3 e6 3. d4 cxd4 4. Nxd4 Nc6 5. Nc3 Qc7 6. Be3 a6 7. Bd3 Nf6 8. O-O Ne5 9. h3 Bc5 10. Be2 d6 11. Kh1 b5 12. f4 Ng6 13. Bf3 Bb7 14. Ndxb5 axb5 15. Nxb5 Qb6 16. Bxc5 dxc5 17. Nd6+ Ke7 18. Nxb7 Qxb7 19. e5 Nd5 20. c4 Rhd8 21. cxd5 exd5 22. Qd2 Ra4 23. Bh5 Kf8 24. Bxg6 hxg6 25. f5 gxf5 26. Rxf5 Kg8 27. Raf1 Rxa2 28. Qg5 Re8 29. R1f3 Qe7 30. Qf4 Rxb2 31. Rxf7 Rb1+ 32. Kh2 Qxe5 33. Rf8+ Kh7 34. Rxe8 Qxe8 35. Qf5+ Qg6 36. Qxd5 Rb6 37. Qxc5 Qd6+ 38. Qxd6 Rxd6 39. Rf4 Ra6 40. Kg3 Rb6 41. Kg4 Ra6 42. g3 Ra5 43. Re4 Rb5 44. h4 Ra5 45. Kh3 Rb5 46. Re3 Ra5 47. g4 Rb5 48. g5 Ra5 49. Re4 Rb5 50. Kg4 Rb6 51. Kf5 Ra6 52. h5 Ra5+ 53. Kg4 Ra6 54. Rf4 Ra5 55. Rd4 Rb5 56. Kf4 Ra5 57. Re4 Rb5 58. Re5 Rb1 59. Kf5 Rb6 60. g6+ Kh6 61. Re8 Rb5+ 62. Ke6 Rb6+ 63. Kf7 Rb7+ 64. Kg8 Kxh5 65. Re6 Kg5 66. Kf8 Kh6 67. Kg8 Rb8+ 68. Kf7 Rb7+ 69. Kf8 Kg5 70. Kg8 Kf5 71. Rc6 Rb8+ 72. Kh7 Rb7 73. Rd6 Kg5 74. Rc6 Kf5 75. Rc5+ Kf6 76. Rc6+ Kg5 77. Rc2 Kf6 78. Rf2+ Ke6 79. Rf3 Rc7 80. Rf2 Ra7 81. Rf8 Rb7 82. Rg8 Kf6 83. Rf8+ Ke6 84. Rf2 Ra7 85. Rf1 Rb7 86. Rf2 Ra7 1/2-1/2


[Site "https://www.chess.com"]

[Event "Titled Tuesday Blitz November 14 Early 2023"]
[White "Yaniuk, Volodymyr"]
[Black "Khater, Sherif"]
[WhiteFideId "14133083"]
[BlackFideId "2034280"]
[WhiteElo "2499"]
[BlackElo "2626"]
[Result "1-0"]
[Round "7"]
[TimeControl "180+1"]
[Date "2023.11.14"]
[WhiteClock "0:00:06"]
[BlackClock "0:00:12"]
[Board "121"]

1. d4 a6 2. e4 c6 3. f4 d5 4. e5 e6 5. Nf3 Ne7 6. Bd3 c5 7. dxc5 Nbc6 8. Be3 d4 9. Nxd4 Nxd4 10. Bxd4 Nd5 11. O-O Qc7 12. Nc3 Bxc5 13. Bxc5 Qxc5+ 14. Rf2 Nxc3 15. bxc3 Qxc3 16. Qe1 Qxe1+ 17. Rxe1 Bd7 18. f5 O-O-O 19. Bc4 Kb8 20. fxe6 Bxe6 21. Bxe6 fxe6 22. Rf7 Rd2 23. Rb1 b5 24. a4 Rxc2 25. axb5 a5 26. Rxg7 a4 27. Rg4 a3 28. Ra4 a2 29. Ra1 Rg8 30. g3 Rg5 31. R4xa2 Rxa2 32. Rxa2 Rxe5 33. Ra6 Kb7 34. Kg2 h5 35. Kf3 Rf5+ 36. Kg2 Re5 37. h4 Kc7 38. Rc6+ Kd7 39. Rb6 Kc7 40. Ra6 Kb7 41. Kf3 Kc7 42. Kf4 Rf5+ 43. Ke4 Rf6 44. Rc6+ Kb7 45. Rc5 Rg6 46. Rg5 Rh6 47. Kf4 Kb6 48. Ke4 Kc7 49. Re5 Kd6 50. b6 Rg6 51. Rg5 Rh6 52. b7 Kc7 53. Rb5 Kb8 54. Kf4 Rg6 55. Kf3 Rf6+ 56. Ke3 Rg6 57. Kf4 Rg4+ 58. Kf3 Rg6 59. Rxh5 Kxb7 60. Rg5 Rh6 61. Kg4 Kc6 62. Ra5 Kd6 63. h5 Rh8 64. Kh4 e5 65. g4 e4 66. Kg5 Rf8 67. Ra1 Ke5 68. h6 Rg8+ 69. Kh5 Kf4 70. Rf1+ Kg3 71. g5 e3 72. g6 Rd8 73. h7 Kg2 74. Re1 Kf2 75. Rxe3 Kxe3 76. g7 Rd5+ 77. Kg6 Kf4 78. h8=Q Rd6+ 79. Kh7 Kg5 80. Qe8 Rh6+ 81. Kg8 Ra6 82. Kf8 Ra7 83. g8=Q+ Kf6 84. Qgf7+ Rxf7+ 85. Qxf7+ Kg5 86. Qg7+ Kh5 87. Qg1 1-0


[Site "https://www.chess.com"]

[Event "Titled Tuesday Blitz November 14 Early 2023"]
[White "Larino Nieto, David"]
[Black "Shuvalov, Evgenij"]
[WhiteFideId "2256444"]
[BlackFideId "4187237"]
[WhiteElo "2606"]
[BlackElo "2496"]
[Result "0-1"]
[Round "7"]
[TimeControl "180+1"]
[Date "2023.11.14"]
[WhiteClock "0:00:01"]
[BlackClock "0:00:09"]
[Board "122"]

1. e4 e6 2. d4 d5 3. Nd2 c5 4. exd5 exd5 5. Ngf3 Nc6 6. Bb5 Qe7+ 7. Kf1 Nf6 8. h3 Qc7 9. g3 Bd6 10. dxc5 Bxc5 11. Nb3 Bxf2 12. Bf4 Qb6 13. Qe2+ Ne4 14. Ng5 Bc5 15. Nxe4 dxe4 16. Qxe4+ Be6 17. Bd3 O-O-O 18. Nxc5 Qxc5 19. Rh2 Rhe8 20. Qa4 g5 21. Bd2 Ne5 22. g4 Nf3 23. Rf2 Bd5 24. Qb4 Qc7 25. Qc3 Bc6 26. Qf6 Qg3 27. Rg2 Nh2+ 28. Rxh2 Qxh2 29. Qf2 Qh1+ 30. Qg1 Qf3+ 31. Qf2 Qxh3+ 32. Kg1 Qh1# 0-1


[Site "https://www.chess.com"]

[Event "Titled Tuesday Blitz November 14 Early 2023"]
[White "ploxoi"]
[Black "Ezat, Mohamed"]
[BlackFideId "10600906"]
[WhiteElo "2458"]
[BlackElo "2596"]
[Result "0-1"]
[Round "7"]
[TimeControl "180+1"]
[Date "2023.11.14"]
[WhiteClock "0:00:02"]
[BlackClock "0:00:12"]
[Board "123"]

1. d4 Nf6 2. c4 g6 3. Nc3 Bg7 4. e4 O-O 5. Nf3 d6 6. Be2 Bg4 7. Be3 Nfd7 8. O-O c5 9. h3 Bxf3 10. Bxf3 Nc6 11. d5 Nd4 12. Bg4 Ne5 13. Be2 Qa5 14. Kh1 Qb4 15. Rc1 Qxb2 16. f4 Nd7 17. Bg4 f5 18. Rf2 Qa3 19. exf5 Nxf5 20. Bxf5 gxf5 21. Rf3 Qa5 22. Bf2 Nf6 23. Bh4 Ne4 24. Nxe4 fxe4 25. Rf1 Bf6 26. Qg4+ Kh8 27. Bxf6+ Rxf6 28. f5 Qxa2 29. Qxe4 Rg8 30. Rfe1 Rxf5 31. Re2 Qa3 32. Qxf5 Qxc1+ 33. Kh2 Qg5 34. Qf3 Qg7 35. Re4 Rf8 36. Qe3 Rf7 37. Rg4 Qf6 38. Qe4 Qe5+ 39. Qxe5+ dxe5 40. Rg5 Rf4 41. Rxe5 Rxc4 42. Rxe7 Rd4 43. Rxb7 Rxd5 44. Rxa7 Kg8 45. Rc7 Rg5 46. h4 Rd5 47. g3 h5 48. Kh3 Kf8 49. Rh7 Ke8 50. Rh8+ Kd7 51. Rh7+ Kc6 52. Rh6+ Kb5 53. Rh8 c4 54. Rb8+ Kc5 55. Rc8+ Kd4 56. Kg2 Kd3 57. Kf3 c3 58. Kf2 c2 59. Ke1 Re5+ 60. Kf1 Re4 61. Kf2 Rc4 0-1


[Site "https://www.chess.com"]

[Event "Titled Tuesday Blitz November 14 Early 2023"]
[White "JuniorJumper"]
[Black "Kashtanov, Ruslan"]
[BlackFideId "4124871"]
[WhiteElo "2584"]
[BlackElo "2447"]
[Result "1-0"]
[Round "7"]
[TimeControl "180+1"]
[Date "2023.11.14"]
[WhiteClock "0:00:04"]
[BlackClock "0:00:00"]
[Board "124"]

1. b3 e5 2. Bb2 Nc6 3. e3 g6 4. Bb5 Bg7 5. Nf3 Nge7 6. Nc3 O-O 7. d4 a6 8. Bxc6 Nxc6 9. d5 Ne7 10. d6 cxd6 11. e4 Qc7 12. O-O b5 13. Qd2 Bb7 14. Ba3 Rfc8 15. Bb4 a5 16. Nxb5 Qb6 17. Bxd6 Qxb5 18. Bxe7 Bxe4 19. c4 Qc6 20. Ne1 Qe6 21. Bh4 Bb7 22. Rd1 d5 23. cxd5 Qd6 24. Nc2 f5 25. Ne3 Ba6 26. Rfe1 f4 27. Nc2 g5 28. Bxg5 Qg6 29. Be7 Rxc2 30. Qxa5 f3 31. g3 Qf5 32. d6 Bb7 33. Qb5 Qh3 34. Qf1 Qd7 35. Qd3 Raxa2 36. Rf1 Re2 37. Qc4+ 1-0


[Site "https://www.chess.com"]

[Event "Titled Tuesday Blitz November 14 Early 2023"]
[White "Sharapov, Evgeny"]
[Black "LangesNasenhaar"]
[WhiteFideId "14103133"]
[WhiteElo "2555"]
[BlackElo "2443"]
[Result "1-0"]
[Round "7"]
[TimeControl "180+1"]
[Date "2023.11.14"]
[WhiteClock "0:01:05"]
[BlackClock "0:00:00"]
[Board "125"]

1. e4 Nc6 2. Nc3 Nf6 3. d4 d6 4. d5 Nb8 5. Nf3 g6 6. Be2 Bg7 7. O-O c6 8. a4 Nbd7 9. Re1 O-O 10. Bf1 Qc7 11. h3 a5 12. Bf4 Ne8 13. Qd2 Nc5 14. e5 Bf5 15. Rad1 Qb6 16. b3 Qb4 17. Nd4 dxe5 18. Nxf5 exf4 19. Nxg7 Nxg7 20. Rxe7 f3 21. g3 Rad8 22. Bc4 Nf5 23. Ree1 Rd7 24. Ne4 Qxd2 25. Rxd2 Nxe4 26. Rxe4 Rfd8 27. Re5 Kg7 28. Rd3 f6 29. Re6 cxd5 30. Bb5 Rc7 31. Rb6 Rxc2 32. Rxb7+ Kh6 33. Rxf3 d4 34. Rd3 Rc3 35. Rf7 Nd6 36. Rxc3 1-0


[Site "https://www.chess.com"]

[Event "Titled Tuesday Blitz November 14 Early 2023"]
[White "Silva Lucena, Cristian"]
[Black "Estrada Nieto, Julian"]
[WhiteFideId "2232588"]
[BlackFideId "5101018"]
[WhiteElo "2539"]
[BlackElo "2435"]
[Result "1/2-1/2"]
[Round "7"]
[TimeControl "180+1"]
[Date "2023.11.14"]
[WhiteClock "0:01:13"]
[BlackClock "0:00:10"]
[Board "126"]

1. e4 e5 2. Nf3 Nc6 3. Bc4 Bc5 4. d4 exd4 5. Ng5 Nh6 6. Nxf7 Nxf7 7. Bxf7+ Kxf7 8. Qh5+ g6 9. Qxc5 d5 10. O-O dxe4 11. c3 Qd6 12. Qxd6 cxd6 13. cxd4 Nxd4 14. Nc3 Bf5 15. Bf4 Rhd8 16. Rad1 Ne6 17. Bxd6 Rd7 18. h3 h5 19. Bg3 Rad8 20. Rfe1 Rxd1 21. Rxd1 Rxd1+ 22. Nxd1 Nc5 23. Bb8 a6 24. Kf1 Ke6 25. Ke2 Nd3 26. Ke3 Nb4 27. Nc3 Nd5+ 28. Kd4 Nxc3 29. bxc3 b5 30. Kc5 Kd7 31. Kb6 Be6 32. a3 Bc4 33. Bf4 Bf1 34. g3 Bxh3 35. Kxa6 Bf1 36. Kb6 Ke6 37. Kc5 Kf5 38. Kd4 h4 39. Bc7 h3 40. g4+ Kxg4 41. Kxe4 Bg2+ 42. Ke3 Bd5 43. Bh2 g5 44. Bg3 Kf5 45. Bh2 Kg4 46. Bg3 Bc4 47. Ke4 Be2 48. Ke3 Bf3 49. Bc7 Bc6 50. Bd6 Kf5 51. f3 g4 52. fxg4+ Kxg4 53. Kd4 Kf3 54. Kc5 Bd7 55. c4 bxc4 56. Kxc4 Kg2 57. a4 Bxa4 58. Kd4 Bd7 59. Kd3 h2 60. Bxh2 1/2-1/2


[Site "https://www.chess.com"]

[Event "Titled Tuesday Blitz November 14 Early 2023"]
[White "ChessLebaneseSalah"]
[Black "Kochiev, Ivan"]
[BlackFideId "2917890"]
[WhiteElo "2412"]
[BlackElo "2537"]
[Result "1-0"]
[Round "7"]
[TimeControl "180+1"]
[Date "2023.11.14"]
[WhiteClock "0:00:17"]
[BlackClock "0:00:23"]
[Board "127"]

1. e4 e5 2. Nf3 Nf6 3. Nxe5 Nc6 4. Nxc6 dxc6 5. d3 Bc5 6. Be2 h5 7. c3 Ng4 8. d4 Qh4 9. g3 Qf6 10. Bf3 Bb6 11. h4 Be6 12. Nd2 O-O-O 13. Qe2 c5 14. d5 Bd7 15. Nc4 Bb5 16. Bg5 Bxc4 17. Bxg4+ Kb8 18. Qxc4 Qe5 19. Bxd8 hxg4 20. Bg5 Re8 21. O-O-O a6 22. Rhe1 Ba7 23. Bf4 Qe7 24. d6 Qd7 25. dxc7+ 1-0


[Site "https://www.chess.com"]

[Event "Titled Tuesday Blitz November 14 Early 2023"]
[White "Azali, Tannaz"]
[Black "Nilsen, Tobias Lang"]
[WhiteFideId "12537721"]
[BlackFideId "1521624"]
[WhiteElo "2394"]
[BlackElo "2525"]
[Result "1-0"]
[Round "7"]
[TimeControl "180+1"]
[Date "2023.11.14"]
[WhiteClock "0:00:10"]
[BlackClock "0:00:07"]
[Board "128"]

1. d4 d5 2. c4 c6 3. Nc3 Nf6 4. e3 Bf5 5. cxd5 cxd5 6. Qb3 e6 7. Qxb7 Nbd7 8. Qb3 Rb8 9. Qd1 Bd6 10. Bd3 Ne4 11. Nf3 g5 12. h3 h5 13. Bxe4 dxe4 14. Nd2 Bb4 15. Qa4 Bxc3 16. bxc3 O-O 17. Ba3 Re8 18. Nc4 Nb6 19. Nxb6 Rxb6 20. Qxa7 Rc6 21. Bb4 Qd5 22. O-O g4 23. h4 g3 24. fxg3 Qc4 25. Qd7 Rcc8 26. a4 Qe2 27. Rae1 Qg4 28. Qd6 Red8 29. Qf4 Ra8 30. Qxg4+ Bxg4 31. a5 Ra6 32. Rc1 Rc8 33. Rf2 f5 34. c4 Kf7 35. Rb2 Ke8 36. c5 Kd7 37. Bd2 Be2 38. Rcb1 Bd3 39. Rb7+ Rc7 40. R1b6 Rxb6 41. Rxb6 Ra7 42. Kf2 Ra6 43. Rb7+ Kc6 44. Rh7 Ra8 45. Rxh5 Rb8 46. Rh7 Rb2 47. Ke1 Rb1+ 48. Bc1 Rxc1+ 49. Kd2 Rc2+ 50. Kd1 Rxg2 51. Rg7 Re2 52. Rg6 Kd5 53. h5 Rxe3 54. h6 Rxg3 55. Rxg3 f4 56. Rg5+ Kc4 57. h7 f3 58. h8=Q e3 59. Qe5 f2 60. Qxe6+ Kc3 61. Rf5 Bxf5 62. Qxe3+ Kc4 63. Qxf2 Bd3 64. Qd2 Kb3 65. Qxd3+ Kb2 66. c6 Ka1 67. c7 Ka2 68. c8=Q Kb2 69. Qcc2+ Ka1 70. Qa3# 1-0


[Site "https://www.chess.com"]

[Event "Titled Tuesday Blitz November 14 Early 2023"]
[White "Cheer_Down"]
[Black "Herman, Matthew"]
[BlackFideId "2028964"]
[WhiteElo "2391"]
[BlackElo "2524"]
[Result "0-1"]
[Round "7"]
[TimeControl "180+1"]
[Date "2023.11.14"]
[WhiteClock "0:00:20"]
[BlackClock "0:00:10"]
[Board "129"]

1. c4 Nf6 2. d4 g6 3. Nc3 Bg7 4. e4 d6 5. f3 O-O 6. Be3 e5 7. Nge2 c6 8. d5 a6 9. Ng3 b5 10. dxc6 b4 11. Nd5 Nxc6 12. Bd3 Rb8 13. O-O Nd7 14. Qa4 Nd4 15. Bxd4 exd4 16. Nxb4 Nc5 17. Qa3 Rxb4 18. Qxb4 Nxd3 19. Qd2 Nc5 20. Kh1 a5 21. b3 Qb6 22. Rad1 Qb4 23. Ne2 d3 24. Qxb4 axb4 25. Nc1 Be6 26. Nxd3 Bc3 27. Nf4 Be5 28. Nd3 Nxd3 29. Rxd3 g5 30. g3 f5 31. exf5 Bxf5 32. Rd2 Be4 33. Kg2 Rxf3 34. Rxf3 g4 35. c5 gxf3+ 36. Kf2 dxc5 37. Rd7 Bd4+ 38. Kf1 Bd3+ 39. Ke1 f2+ 0-1


[Site "https://www.chess.com"]

[Event "Titled Tuesday Blitz November 14 Early 2023"]
[White "Melikhov, Evgeny V."]
[Black "Lehtosaari, Mauri"]
[WhiteFideId "4122046"]
[BlackFideId "501999"]
[WhiteElo "2377"]
[BlackElo "2516"]
[Result "1/2-1/2"]
[Round "7"]
[TimeControl "180+1"]
[Date "2023.11.14"]
[WhiteClock "0:00:58"]
[BlackClock "0:00:12"]
[Board "130"]

1. d4 d5 2. c4 c6 3. Nc3 Nf6 4. e3 g6 5. Nf3 Bg7 6. Be2 O-O 7. O-O a6 8. c5 Bg4 9. Ne5 Bxe2 10. Qxe2 Nfd7 11. f4 f6 12. Nd3 Qc7 13. Bd2 e5 14. b4 exd4 15. exd4 f5 16. Ne5 Nf6 17. Be1 Nbd7 18. Bh4 Ne4 19. Nxe4 dxe4 20. Be7 Nxe5 21. Bxf8 Nd3 22. Bd6 Bxd4+ 23. Kh1 Qf7 24. Rad1 Re8 25. Rxd3 exd3 26. Qxd3 Bf6 27. a3 Qe6 28. h3 Kg7 29. Rd1 Qe3 30. Be5 Qxd3 31. Bxf6+ Kxf6 32. Rxd3 Re1+ 33. Kh2 Ke7 34. g4 fxg4 35. hxg4 Re2+ 36. Kg3 Re1 37. Kf3 Rf1+ 38. Kg3 Rg1+ 39. Kf3 h5 40. gxh5 gxh5 41. Rd6 h4 42. Rh6 Rg3+ 43. Ke4 Rxa3 44. Rxh4 Kf6 45. Rh7 a5 46. Rxb7 Ra4 47. Kd3 axb4 48. Rc7 Kf5 49. Rxc6 Kxf4 50. Re6 Kf5 51. Re8 b3 52. Kc3 b2 53. Kxb2 Rc4 54. Rc8 Ke6 55. Kb3 Rc1 56. Kb4 Kd7 57. Rh8 Kc6 58. Rh6+ Kc7 59. Rh4 Kc6 60. Rh6+ Kc7 61. Kb5 Rb1+ 62. Kc4 Rc1+ 63. Kd5 Rd1+ 64. Kc4 Rc1+ 65. Kd5 Rd1+ 66. Kc4 Rc1+ 1/2-1/2


[Site "https://www.chess.com"]

[Event "Titled Tuesday Blitz November 14 Early 2023"]
[White "Osmak, Yuliia"]
[Black "EvgenyBurmakin"]
[WhiteFideId "14101602"]
[WhiteElo "2516"]
[BlackElo "2359"]
[Result "0-1"]
[Round "7"]
[TimeControl "180+1"]
[Date "2023.11.14"]
[WhiteClock "0:00:00"]
[BlackClock "0:00:02"]
[Board "131"]

1. e4 c5 2. Nf3 d6 3. Bb5+ Nd7 4. a4 a6 5. Be2 Ngf6 6. Nc3 b6 7. d4 cxd4 8. Qxd4 Bb7 9. Bg5 e6 10. O-O Be7 11. Rfd1 Qc7 12. Nd2 O-O 13. Nc4 Nc5 14. Bf3 Rfd8 15. a5 b5 16. Nb6 Rab8 17. Qe3 Ncd7 18. Rd2 Bc6 19. Nxd7 Rxd7 20. h3 Rbd8 21. Bf4 Qb7 22. Qe2 h6 23. Rad1 d5 24. e5 Ne4 25. Nxe4 dxe4 26. Rxd7 Rxd7 27. Rxd7 Qxd7 28. Bxe4 Qd4 29. Bxc6 Qxf4 30. Bb7 Qc1+ 31. Kh2 Qxb2 32. Bxa6 b4 33. Bc4 Qc3 34. a6 Bc5 35. Bd3 Qd4 36. f3 Qg1+ 37. Kg3 Qd4 38. h4 h5 39. Kh3 g6 40. Qd1 Qf2 41. Qb1 Be3 42. Qb3 Bf4 0-1


[Site "https://www.chess.com"]